 Dungeon Crawl Stone Soup version 0.30.0-3-ga4e48a9924 (webtiles) character file.

Game seed: 13206206480279153914

91931 Daunt the Brawler (level 15, -2/147 (152) HPs)
             Began as a Troll Wanderer on May 7, 2023.
             Was a High Priest of Ru.
             Slain by an orc knight
             ... wielding a +2 antimagic broad axe
              (27 damage)
             ... on level 2 of the Depths on May 8, 2023.
             The game lasted 01:38:07 (17511 turns).

Daunt the Brawler (Troll Wanderer)                 Turns: 17511, Time: 01:38:07

HP:   -2/147 (152)  AC: 22    Str: 35    XL:     15   Next: 56%
MP:   14/15         EV: 11    Int:  8    God:    Ru [*****.]
Gold: 329           SH: 16    Dex: 10    Spells: 13/16 levels left

rFire   . .          .
                       - Unarmed
rCold   + . .        i - +0 kite shield {AC+3}
rNeg    . . .        h - +1 storm dragon scales
rPois   +            (helmet restricted)
rElec   +            C - +0 cloak
rCorr   .            (gloves unavailable)
SInv    .            (boots unavailable)
Will    +....        W - amulet of the Ageless Portals {Reflect rPois rC+ SH+5} Stlth
                     j - +6 ring of strength
HPRegen 1.24/turn    T - +5 ring of evasion
MPRegen 0.14/turn

%: reflection
@: on berserk cooldown, hasted, lightly drained, very quick
A: large, unfitting armour, claws 3, regeneration 1, shaggy fur 1, tough skin 1,
inability to use devices, hated by all, inability to train dodging
a: Renounce Religion, Draw Out Power, Power Leap, Apocalypse


You were on level 2 of the Depths.
You worshipped Ru.
Ru was extremely pleased with you.
You visited 4 branches of the dungeon, and saw 20 of its levels.
You also visited: Ossuary.

You collected 2238 gold pieces.
You spent 1909 gold pieces at shops.

Inventory:

Hand Weapons
 a - a +1 sling
 c - a +4 scimitar of flaming
Missiles
 g - 77 stones
 n - 2 silver boomerangs
 r - 59 large rocks
 s - 4 atropa-tipped darts
 w - 4 throwing nets
 E - a curare-tipped dart
 F - 17 poisoned darts
 I - 5 javelins
 U - 2 boomerangs
Armour
 h - +1 storm dragon scales (worn)
 i - a +0 kite shield of protection (worn)
 C - a +0 cloak (worn)
 P - a +1 kite shield of fire resistance
Jewellery
 j - a +6 ring of strength (left claw)
 u - a ring of protection from fire
 G - a ring of willpower
 O - a ring of ice
 T - a +5 ring of evasion (right claw)
 V - a ring of protection from cold
 W - the amulet of the Ageless Portals (around neck) {Reflect rPois rC+ SH+5}
   (You bought it in a shop on level 2 of the Orcish Mines)

   [amulet of reflection]

   It reflects blocked missile attacks.
   rC:        It protects you from cold.
   rPois:     It protects you from poison.
   SH:        It affects your SH (+5).
Scrolls
 e - 2 scrolls of amnesia {unknown}
 m - 5 scrolls of magic mapping
 q - 3 scrolls of enchant armour {unknown}
 t - 5 scrolls of teleportation
 v - 4 scrolls of poison
 y - 3 scrolls of noise {unknown}
 B - 3 scrolls of immolation {unknown}
 H - 3 scrolls of fog {unknown}
 J - 2 scrolls of vulnerability {unknown}
 N - 2 scrolls of fear (quivered)
 R - 3 scrolls of blinking {unknown}
 S - a scroll of silence {unknown}
Potions
 b - 4 potions of lignification
 d - 2 potions of mutation
 f - 5 potions of flight
 l - 5 potions of curing
 o - 2 potions of resistance
 p - 2 potions of brilliance
 x - 3 potions of heal wounds
 z - a potion of magic
 A - 3 potions of haste
 D - 4 potions of invisibility {unknown}
 K - a potion of might
 M - a potion of ambrosia
 Q - a potion of cancellation


   Skills:
 + Level 10.5 Fighting
 - Level 2.0 Ranged Weapons
 + Level 9.4 Throwing
 + Level 11.1 Armour
 - Level 1.0 Stealth
 + Level 11.3 Shields
 + Level 15.2 Unarmed Combat
 - Level 1.0 Spellcasting
 - Level 1.2 Air Magic


You had 13 spell levels left.
You knew the following spells:

 Your Spells              Type           Power      Damage    Failure   Level
a - Shock                 Conj/Air       4%         1d3       80%         1
b - Blink                 Tloc           0%         N/A       95%         2

Your spell library contained the following spells:

 Spells                   Type           Power      Damage    Failure   Level
 Apportation              Tloc           0%         N/A       87%         1
 Cigotuvi's Dreadful Rot  Necr/Pois/Air  2%         N/A       93%         2
 Lesser Beckoning         Tloc           0%         N/A       95%         2
 Momentum Strike          Conj/Tloc      0%         3d8       95%         2
 Sublimation of Blood     Necr           0%         N/A       95%         2
 Wereblood                Tmut           0%         N/A       95%         2
 Swiftness                Air            2%         N/A       97%         3
 Hailstorm                Conj/Ice       0%         3d3       99%         3
 Ignite Poison            Fire/Tmut/Pois 0%         N/A       99%         3
 Mephitic Cloud           Conj/Pois/Air  1%         N/A       99%         3
 Stone Arrow              Conj/Erth      0%         3d7       99%         3
 Vhi's Electric Charge    Tloc/Air       2%         N/A       99%         3
 Airstrike                Air            1%         2d(1-17)  100%        4
 Ice Form                 Ice/Tmut       0%         N/A       100%        4
 Passage of Golubria      Tloc           0%         N/A       100%        4
 Alistair's Intoxication  Tmut/Pois      0%         N/A       100%        5
 Arcjolt                  Conj/Air       0%         1d10      100%        5
 Freezing Cloud           Conj/Ice/Air   0%         6-21      100%        5
 Silence                  Hex/Air        0%         N/A       100%        5
 Eringya's Noxious Bog    Tmut/Pois      0%         N/A       100%        6
 Plasma Beam              Fire/Air       0%         2x1d11    100%        6
 Lehudib's Crystal Spear  Conj/Erth      0%         10d2      100%        8
 Animate Armour           Summ/Erth      Unusable   N/A       N/A         4
 Summon Lightning Spire   Summ/Air       Unusable   N/A       N/A         4
 Summon Forest            Summ/Tloc      Unusable   N/A       N/A         5
 Simulacrum               Ice/Necr       Unusable   N/A       N/A         6
 Summon Hydra             Summ           Unusable   N/A       N/A         7

Dungeon Overview and Level Annotations

Branches:
Dungeon (15/15)            Temple (1/1) D:5            Lair (0/5) D:11
    Orc (2/2) D:10            Elf (0/3) Orc:2        Vaults (0/5) D:14
 Depths (2/4) D:15        Ossuary (visited)

Altars:
Ashenzari
Cheibriados
Dithmenos
Elyvilon
Gozag
Kikubaaqudgha
Makhleb
Nemelex Xobeh
Okawaru
Qazlal
Ru
Sif Muna
Trog
Uskayaw
Vehumet
Wu Jian
Xom
Zin
The Shining One

Shops:
D:2 (   D:5 =   D:7 *   D:8 :[[:   Orc:2 *!!=[=

Portals:
Hell: Depths:1
Abyss: Depths:1
Ziggurat: Depths:1

Annotations:
Depths:2 1 runed translucent door


Innate Abilities, Weirdness & Mutations

You are too large for most types of armour.
You have claws for hands.
Your natural rate of healing is unusually fast.
You are covered in fur. (AC +1)
You have tough skin. (AC +1)
You cannot study or use magical devices.
You are hated by all.
You cannot train Dodging skill.


Message History

You scratch the orc knight.
The orc knight is moderately wounded.
You mangle the orc knight!!
The orc knight is heavily wounded.
The orc knight hits you with a +0 broad axe!!
The orc knight hits you with a +0 battleaxe!!
* * * LOW HITPOINT WARNING * * *
Unknown command.
Unknown command.
Okay, then.
Press: ? - help, v - describe, . - travel, g - get item
Here: an orc knight, wielding a +0 battleaxe and wearing a +2 plate armour of willpower (moderately wounded, strong)
Items here: a +0 antimagic great mace; a +0 plate armour.
The floor, spattered with blood.
Unknown command.
Unknown command.
Press: ? - help, v - describe, . - travel, g - get item
Here: an orc knight, wielding a +0 broad axe and wearing a +0 plate armour of willpower (heavily wounded, strong)
Items here: $ ( )))) [[ †††††.
An open door, spattered with blood.
Read: 3 scrolls of fear
Press: ? - help, Q - select action, (/) - cycle Dir - look around, f - activate Look: an orc knight, wielding a +0 battleaxe and wearing a +2 plate armour of willpower (moderately wounded, strong, chance to affect: 64%)
Okay, then.
Unknown command.
Unknown command.
As you read the scroll of fear, it crumbles to dust.
You assume a fearsome visage.
The orc knight resists with some effort.
The orc knight looks frightened!
The orc knight no longer looks unusually strong.
The orc knight roars a battlecry!
The orc knight goes into a battle-frenzy!
Unknown command.
You feel yourself speed up.
You redirect the orc knight's attack!
The orc knight hits the orc knight with a +0 battleaxe!!!
You block the orc knight's attack.
The orc knight hits you with a +2 antimagic broad axe!!
You die...

♣♣♣♣♣ #####
..P...
###..###o...##
###...#.......
#L+[.oo.......
###..@#.......
###..####.###.
##### .C ♣.o ♣


You could see a dread lich and 3 orc knights.

Vanquished Creatures
  Saint Roka (Depths:1)
  A storm dragon (Depths:1)
  A fire giant (Depths:1)
  A frost giant (D:15)
  An ironbound preserver (D:14)
  4 very ugly things (Depths:1)
  6 stone giants
  The ghost of mkat the Nimble, a journeyman DrMo of Makhleb (D:13)
  A fire dragon (D:15)
  An ettin (Depths:2)
  Josephine (Orc:1)
  2 ice dragons (Depths:1)
  2 rakshasas (Depths:1)
  3 hydras
  2 ogre magi
  4 boulder beetles
  6 centaur warriors
  4 tengu warriors
  A deep troll shaman (D:15)
  4 deep troll earth magi
  A vampire mage (D:15)
  10 two-headed ogres
  A spriggan berserker (Depths:2)
  Amaemon (D:11)
  9 deep trolls
  A skeletal warrior (D:12)
  An iron troll (Depths:1)
  A flayed ghost (Depths:1)
  A wizard (Depths:1)
  3 orc knights
  A harpy (shapeshifter) (D:14)
  2 mana vipers (Depths:2)
  5 deep elf pyromancers
  19 ugly things
  8 cyclopes
  6 manticores
  An elephant (shapeshifter) (D:12)
  A gargoyle (D:13)
  An orange demon (D:11)
  2 kobold demonologists (D:14)
  2 unseen horrors (Depths:1)
  4 efreet
  3 tengu conjurers
  A rime drake (shapeshifter) (D:14)
  A freezing wraith (D:14)
  A hornet (D:10)
  12 trolls
  2 meliai zombies (D:13)
  6 slime creatures
  2 water elementals (D:12)
  8 wraiths
  3 vampires
  A shadow (D:9)
  8 large abominations (Depths:1)
  21 yaks
  2 basilisks (D:14)
  2 chaos spawn (Depths:1)
  4 wargs
  9 vampire mosquitoes
  An acid dragon (D:8)
  6 water moccasins
  A swamp drake (D:10)
  3 black bears
  2 hornet zombies (Ossuary)
  16 orc warriors
  A sky beast (D:6)
  An ice beast (D:6)
  17 ogres
  4 phantoms
  10 centaurs
  3 kobold brigands
  5 bullfrogs
  3 scorpions
  2 wyvern zombies (Ossuary)
  9 wights
  8 killer bees
  5 electric eels
  6 howler monkeys
  3 small abominations (Depths:1)
  5 centaur zombies
  4 bullfrog zombies (Ossuary)
  3 hounds
  4 jellies
  A gnoll bouda (D:7)
  12 orc priests
  3 iguanas
  A sleepcap (D:5)
  15 orc wizards
  3 killer bee zombies (Ossuary)
  14 mummies (Ossuary)
  A howler monkey zombie (Ossuary)
  Robin (D:2)
  3 gnolls (D:7)
  10 adders
  A shadow imp (D:7)
  2 white imps
  2 ufetubi
  A worm (D:4)
  2 dart slugs
  61 orcs
  4 ball pythons
  5 bats
  6 endoplasms
  A giant cockroach (D:2)
  15 goblins
  12 hobgoblins
  3 jackals (D:3)
  4 quokkas
  4 frilled lizards
  A jackal zombie (D:7)
  20 kobolds
  5 rats
549 creatures vanquished.

Vanquished Creatures (others)
  An ettin (Depths:1)
  A fire dragon (D:14)
  A boulder beetle (D:12)
  A deep troll (Depths:1)
  A wolf spider zombie (D:13)
  2 ogres (Orc:2)
  A bullfrog zombie (Ossuary)
  2 orcs
  34 fungi (D:11)
  36 plants (D:11)
  5 withered plants (Ossuary)
85 creatures vanquished.

Grand Total: 634 creatures vanquished

Notes
Turn   | Place    | Note
-------+----------+-------------------------------------------
     0 | D:1      | Daunt the Troll Wanderer began the quest for the Orb.
     0 | D:1      | Daunt set off with the following items: a +1 sling, a
                  | potion of lignification, a +0 robe; and the following spell
                  | memorised: Shock; and the following spells available to
                  | memorise: Mephitic Cloud, Summon Lightning Spire.
     0 | D:1      | Reached XP level 1. HP: 19/19 MP: 1/1
    56 | D:1      | Reached skill level 1 in Unarmed Combat
   133 | D:1      | Reached XP level 2. HP: 27/27 MP: 2/2
   204 | D:1      | Reached skill level 2 in Unarmed Combat
   547 | D:2      | Reached XP level 3. HP: 33/33 MP: 3/3
   607 | D:2      | Reached skill level 3 in Unarmed Combat
   797 | D:2      | Noticed Robin
   820 | D:2      | Killed Robin
   821 | D:2      | Reached XP level 4. HP: 41/41 MP: 4/4
   919 | D:2      | Reached skill level 4 in Unarmed Combat
   923 | D:2      | Learned a level 2 spell: Blink
  1132 | D:2      | Found Inuomij's Antique Weapon Shop.
  1412 | D:3      | Found a sparkling altar of Nemelex Xobeh.
  1941 | D:3      | Reached XP level 5. HP: 34/48 MP: 5/5
  1945 | D:3      | Reached skill level 5 in Unarmed Combat
  2239 | D:4      | Reached XP level 6. HP: 55/55 MP: 6/6
  2578 | D:5      | Entered Level 5 of the Dungeon
  2632 | D:5      | Reached skill level 6 in Unarmed Combat
  2655 | D:5      | Reached skill level 10 in Unarmed Combat
  2655 | D:5      | Reached XP level 7. HP: 60/78 MP: 7/7
  2663 | D:5      | Found a shadowy altar of Dithmenos.
  2816 | D:5      | Found a staircase to the Ecumenical Temple.
  2828 | Temple   | Entered the Ecumenical Temple
  2946 | Temple   | Became a worshipper of Ru the Awakened
  3042 | D:5      | Found Hooba's Jewellery Shoppe.
  3163 | D:5      | Found a hide-covered altar of Uskayaw.
  3458 | D:6      | Reached XP level 8. HP: 88/88 MP: 8/8
  3568 | D:6      | Reached skill level 1 in Armour
  3582 | D:6      | Reached skill level 11 in Unarmed Combat
  3828 | D:7      | Gained mutation: You are hated by all. [Ru sacrifice]
  3828 | D:7      | Reached * piety under Ru
  4026 | D:7      | Reached XP level 9. HP: 96/96 MP: 9/9
  4119 | D:7      | Found a shimmering altar of Xom.
  4226 | D:7      | Found a sand-covered staircase.
  4238 | Ossuary  | Entered an ossuary
  4604 | D:7      | Found an opulent altar of Gozag.
  4655 | D:7      | Found Gozag's Platinum Reserve.
  5032 | D:8      | Found Cuaxti's Armour Shoppe.
  5036 | D:8      | Bought a +1 kite shield of fire resistance for 181 gold
                  | pieces
  5098 | D:8      | Found a glowing golden altar of the Shining One.
  5115 | D:8      | Reached skill level 1 in Shields
  5168 | D:8      | Found Niduf's Book Shop.
  5256 | D:8      | Found Ocobbah's Armour Boutique.
  5333 | D:8      | Reached XP level 10. HP: 75/104 MP: 10/10
  5734 | D:8      | Found Heet's Book Shoppe.
  5872 | D:9      | Noticed a brown ugly thing
  5885 | D:9      | Killed a brown ugly thing
  5892 | D:9      | Reached skill level 5 in Shields
  5903 | D:9      | Found a shimmering altar of Xom.
  6197 | D:9      | Reached XP level 11. HP: 28/111 MP: 11/11
  6321 | D:9      | Found an iron altar of Okawaru.
  6372 | D:9      | Noticed a centaur warrior
  6374 | D:9      | Found a radiant altar of Vehumet.
  6379 | D:9      | Killed a centaur warrior
  6821 | D:10     | Entered Level 10 of the Dungeon
  7521 | D:10     | Found a staircase to the Orcish Mines.
  7701 | D:11     | Noticed a boulder beetle
  7812 | D:11     | Noticed a boulder beetle
  7833 | D:11     | Killed a boulder beetle
  7834 | D:11     | Reached skill level 10 in Shields
  7964 | D:11     | Noticed Amaemon
  8010 | D:11     | Killed a boulder beetle
  8084 | Orc:1    | Entered Level 1 of the Orcish Mines
  8150 | Orc:1    | Gained mutation: You cannot study or use magical devices.
                  | [Ru sacrifice]
  8150 | Orc:1    | Reached ** piety under Ru
  8150 | Orc:1    | Reached *** piety under Ru
  8153 | Orc:2    | Entered Level 2 of the Orcish Mines
  8331 | Orc:1    | Reached skill level 12 in Unarmed Combat
  8334 | Orc:1    | Noticed Josephine
  8355 | Orc:1    | Killed Josephine
  8400 | Orc:1    | Noticed a two-headed ogre
  8412 | Orc:1    | Killed a two-headed ogre
  8586 | Orc:1    | Reached XP level 12. HP: 122/122 MP: 12/12
  8715 | Orc:2    | Found a staircase to the Elven Halls.
  8797 | Orc:2    | Noticed a two-headed ogre
  8800 | Orc:2    | Noticed an ogre mage
  8801 | Orc:2    | Noticed a two-headed ogre
  8806 | Orc:2    | Noticed a two-headed ogre
  8806 | Orc:2    | Noticed a two-headed ogre
  8815 | Orc:2    | Noticed a two-headed ogre
  8828 | Orc:2    | Killed a two-headed ogre
  8829 | Orc:2    | Noticed a two-headed ogre
  8839 | Orc:2    | Killed a two-headed ogre
  8840 | Orc:2    | Reached skill level 13 in Unarmed Combat
  9243 | D:8      | Bought +1 storm dragon scales for 957 gold pieces
  9387 | Orc:2    | Paralysed by an ogre mage for 4 turns
  9405 | Orc:1    | Killed a two-headed ogre
  9408 | Orc:1    | Killed an ogre mage
  9498 | Orc:1    | Killed a two-headed ogre
  9515 | Orc:2    | Killed a two-headed ogre
  9516 | Orc:2    | Reached skill level 5 in Armour
  9682 | Orc:2    | Found Ytzijueme's Gadget Gallery.
  9883 | Orc:2    | Found Arryug's Jewellery Shop.
 10000 | Orc:2    | Noticed an ogre mage
 10046 | Orc:2    | Noticed a two-headed ogre
 10061 | Orc:2    | Killed a two-headed ogre
 10068 | Orc:2    | Killed a two-headed ogre
 10072 | Orc:2    | Killed an ogre mage
 10112 | Orc:2    | Found Aclocw's Distillery.
 10112 | Orc:2    | Noticed a two-headed ogre
 10121 | Orc:2    | Killed a two-headed ogre
 10122 | Orc:2    | Reached XP level 13. HP: 131/131 MP: 13/13
 10124 | Orc:2    | Found Xota's Distillery.
 10130 | Orc:2    | Found Haics's Armour Emporium.
 10130 | Orc:2    | Found Buylamuc's Jewellery Shoppe.
 10548 | D:11     | Found a staircase to the Lair.
 10761 | D:11     | Gained mutation: You cannot train Dodging skill. [Ru
                  | sacrifice]
 10761 | D:11     | Reached **** piety under Ru
 10761 | D:11     | Reached ***** piety under Ru
 10871 | D:11     | Killed Amaemon
 12674 | D:13     | Found a large runed translucent door.
 12674 | D:13     | Found a large runed translucent door.
 12676 | D:13     | Noticed mkat's ghost (journeyman DrMo)
 12884 | D:13     | Reached skill level 14 in Unarmed Combat
 13117 | D:13     | Killed mkat's ghost
 13551 | D:14     | Found a shimmering blue altar of Sif Muna.
 13602 | D:14     | Reached skill level 10 in Armour
 13645 | D:14     | Reached XP level 14. HP: 130/141 MP: 14/14
 14005 | D:14     | Found a gate to the Vaults.
 14005 | D:14     | Noticed an ironbound preserver
 14011 | D:14     | Reached skill level 10 in Fighting
 14039 | D:14     | Killed an ironbound preserver
 14220 | D:15     | Entered Level 15 of the Dungeon
 14612 | D:15     | Reached skill level 1 in Throwing
 14689 | D:15     | Found a staircase to the Depths.
 14870 | Depths:1 | Entered Level 1 of the Depths
 15237 | Orc:2    | Bought the amulet of the Ageless Portals {Reflect rPois rC+
                  | SH+5} for 771 gold pieces
 15562 | Depths:1 | Noticed a cyan very ugly thing
 15582 | Depths:1 | Killed a cyan very ugly thing
 15591 | Depths:1 | Reached skill level 5 in Throwing
 15616 | Depths:1 | Noticed a storm dragon
 15645 | Depths:1 | Killed a storm dragon
 15742 | Depths:1 | Found a one-way gate to the infinite horrors of the Abyss.
 15961 | Depths:1 | Found a gateway to Hell.
 15970 | Depths:1 | Noticed a stone giant
 15979 | Depths:1 | Killed a stone giant
 16033 | Depths:1 | Noticed a stone giant
 16041 | Depths:1 | Killed a stone giant
 16103 | Depths:1 | Found an ornate altar of the Wu Jian Council.
 16178 | Depths:1 | Noticed a stone giant
 16246 | D:15     | Killed a stone giant
 16247 | D:15     | Reached XP level 15. HP: 148/149 MP: 15/15
 16394 | Depths:1 | Noticed Saint Roka
 16534 | Depths:1 | Killed Saint Roka
 16746 | Depths:1 | Found a one-way gateway to a ziggurat.
 16758 | Depths:1 | Noticed a frost giant
 16828 | D:15     | Killed a frost giant
 16909 | Depths:1 | Noticed a fire giant
 16959 | Depths:1 | Killed a fire giant
 17048 | Depths:1 | Reached skill level 15 in Unarmed Combat
 17417 | Depths:2 | Found a runed translucent door.
 17417 | Depths:2 | Noticed a dread lich
 17511 | Depths:2 | Slain by an orc knight

Illustrated notes

Levels and vault maps discovered:
D:1:      minmay_arrival_split_and_join, layout_basic, minmay_tromino_v4_b
D:2:      layout_basic, serial_shops, shop, uniq_robin
D:3:      layout_basic, nemelex_spade_bored_becter, corexii_hall_statues_u
D:4:      layout_loops_ring
D:5:      layout_loops_ring, mainiacjoe_overflow_alcove_4, marbit_many_paths,
          minmay_temple_entry_wispy, serial_shops, nicolae_shop_waterfront
D:6:      layout_rooms
D:7:      layout_gridville, nicolae_gozag_zags_fifth_avenue, dk_xom_monty_hall,
          nicolae_overflow_crystal_walls, enter_ossuary_3
D:8:      layout_loops_ring, lemuel_doored_altar, serial_shops, shop,
          nicolae_diamond_shop, shop, nicolae_shop_back_alley_shop
D:9:      layout_basic, kennysheep_okawaru_gauntlet, hangedman_feature_mirror,
          kennysheep_path_1, chequers_serial_rivers_large_b
D:10:     layout_roguey, erik_orc_1
D:11:     layout_stronghold, due_lair_maze_entry_diamond, serial_glass,
          glass_columns_c, glass_columns_a, glass_columns_c, glass_columns_c,
          glass_columns_b, glass_columns_a, glass_columns_b, glass_columns_b,
          kennysheep_dice, uniq_amaemon
D:12:     layout_basic, grunt_ministairs_11
D:13:     layout_irregular_city, serial_undead, serial_undead_b,
          serial_undead_c, serial_undead_e, serial_undead_f,
          ebering_ghost_disaster_area
D:14:     layout_long_grid, skrybe_vaults_entry_preservation, led_sif_pool
D:15:     grunt_enter_depths_hoard, layout_gridville
Temple:   nicolae_temple_great_sept
Orc:1:    layout_caves, uniq_josephine
Orc:2:    st_orc_open, layout_diamond_mine, serial_shops,
          nicolae_lakefront_shop, library_closet, nicolae_orc_rockfall,
          nicolae_shop_gadgets
Depths:1: layout_basic, enter_ziggurat_a, grunt_hell_entry_dis_mu,
          minmay_room_of_horrors, nicolae_wu_jian_glorious_leap, uniq_saint_roka
Depths:2: cheibrodos_witchhunters_guild, layout_basic, grunt_mini_vestibule,
          pan_entry, nicolae_abyss_entry_one_way_or_another, kennysheep_donut,
          hangedman_abyss_or_decor_jellyfish_corner

Skill      XL: |  1  2  3  4  5  6  7  8  9 10 11 12 13 14 15 |
---------------+----------------------------------------------+-----
Unarmed Combat | 1 2 3 4 5 10 11 12 13 14 15 | 15.2
Fighting       | 7 8 9 10 | 10.5
Dodging        | 3 4 0 |  0.0
Armour         | 1 2 7 10 11 | 11.1
Shields        | 3 7 10 11 | 11.3
Throwing       | 7 9 |  9.4
Ranged Weapons | |  2.0
Stealth        | |  1.0
Spellcasting   | |  1.0
Air Magic      | |  1.2

Action                     |  1- 3 |  4- 6 |  7- 9 | 10-12 | 13-15 || total
---------------------------+-------+-------+-------+-------+-------++-------
  Melee: Unarmed           |    73 |   108 |   253 |   633 |   971 ||  2038
         Punch             |     1 |     2 |    16 |     1 |       ||    20
         Scimitar          |       |       |       |       |    22 ||    22
   Fire: Sling             |     9 |       |       |       |     1 ||    10
  Throw: Stone             |       |       |     1 |     9 |    52 ||    62
         Dart              |       |       |       |     3 |     4 ||     7
         Javelin           |       |       |       |       |     3 ||     3
 Invoke: Sacrifice Love    |       |       |     1 |       |       ||     1
         Reject Sacrifices |       |       |       |     1 |     1 ||     2
         Draw Out Power    |       |       |       |     1 |     1 ||     2
         Sacrifice Artific |       |       |       |     1 |       ||     1
         Sacrifice Nimblen |       |       |       |       |     1 ||     1
  Evoke: Wand              |       |       |       |     1 |       ||     1
    Use: Potion            |     1 |     1 |       |     7 |     4 ||    13
         Scroll            |       |     6 |     3 |     2 |     8 ||    19
   Stab: Sleeping          |     1 |     3 |     4 |       |       ||     8
         Distracted        |       |       |     1 |     1 |     5 ||     7
         Invisible         |       |       |       |       |    11 ||    11
 Armour: Robe              |    25 |    18 |    48 |    50 |       ||   141
         Skin              |     5 |    16 |       |    22 |       ||    43
         Storm dragon scal |       |       |       |    46 |   350 ||   396
  Dodge: Dodged            |    34 |    45 |    80 |   281 |   294 ||   734
  Block: Kite shield       |       |       |       |   287 |   530 ||   817
         Reflection        |       |       |       |       |     7 ||     7
